 Dungeon Crawl Stone Soup version 0.28-a0-773-g130ae17fe5 (webtiles) character file.

Game seed: 8067287359905263234

219 bande the Covered (level 5, -4/33 HPs)
             Began as a Gargoyle Fighter on Nov 2, 2021.
             Slain by an iguana (11 damage)
             ... while paralysed by Grinder
             ... on level 4 of the Dungeon.
             The game lasted 00:03:44 (3047 turns).

bande the Covered (Gargoyle Fighter)                Turns: 3047, Time: 00:03:45

Health: -4/33      AC: 11    Str: 20    XL:     5   Next: 96%
Magic:  5/5        EV:  2    Int:  9    God:
Gold:   143        SH:  0    Dex:  9    Spells: 4/4 levels left

rFire   . . .      SeeInvis .   a - +0 war axe
rCold   . . .      Faith    .   c - +0 buckler
rNeg    + . .      Spirit   .   b - +0 scale mail
rPois   ∞          Reflect  .   (no helmet)
rElec   +          Harm     .   (no cloak)
rCorr   .          Rampage  .   (no gloves)
Will    .....                   (no boots)
Stlth   ..........              i - amulet of regeneration
HPRegen 1.11/turn               (no ring)
MPRegen 0.09/turn               (no ring)

@: paralysed
A: sickness immunity, AC +4, negative energy resistance 1, electricity
resistance, torment resistance 1, petrification resistance
a: no special abilities


You were on level 4 of the Dungeon.
You visited 1 branch of the dungeon, and saw 4 of its levels.

You collected 143 gold pieces.

Inventory:

Hand Weapons
 a - a +0 war axe (weapon)
 o - a +0 flail
Armour
 b - a +0 scale mail (worn)
 c - a +0 buckler (worn)
 m - a +0 tower shield
Jewellery
 i - an amulet of regeneration (around neck)
Scrolls
 e - 2 scrolls of fog
 h - a scroll of magic mapping
 k - a scroll of blinking
Potions
 d - a potion of might
 f - 2 potions of haste
 g - 2 potions of curing
 j - a potion of lignification {unknown}
 l - a potion of mutation {unknown}
 n - a potion of attraction {unknown}


   Skills:
 + Level 4.0 Fighting
 + Level 4.1 Axes
 + Level 4.2 Armour
 + Level 4.1 Shields


You had 4 spell levels left.
You didn't know any spells.
Your spell library contained the following spells:

 Spells                   Type           Power      Damage    Failure   Level
 Frozen Ramparts          Ice            0%         1d2       97%         3
 Ice Form                 Ice/Tmut       0%         N/A       100%        4
 Summon Ice Beast         Ice/Summ       0%         N/A       100%        4


Dungeon Overview and Level Annotations

Branches:
Dungeon (4/15)
 Temple: D:4-7

Altars:
Gozag

Annotations:
D:4 3 runed translucent doors, AttackTheMoon's ghost, amateur OpMo; Grinder


Innate Abilities, Weirdness & Mutations

You are immune to sickness and miasma.
Your stone body is resilient. (AC +4)
You are immune to poison.
You resist negative energy. (rN+)
You are resistant to electric shocks. (rElec)
You are resistant to unholy torment.
You are immune to petrification.


Message History

The iguana is severely wounded.
The iguana closely misses you.
You barely miss the iguana.
The iguana is severely wounded.
Grinder says, "Wait up."
You block the iguana's attack.
Grinder blinks!
You block the iguana's attack.
You barely miss the iguana.
The iguana is severely wounded.
The iguana bites you.
You hit the iguana but do no damage.
The iguana is severely wounded.
You block the iguana's attack.
You hit the iguana but do no damage.
The iguana is severely wounded.
Grinder blinks!
The iguana barely misses you.
You closely miss the iguana.
The iguana is severely wounded.
You block the iguana's attack.
Grinder blinks!
The iguana bites you but does no damage.
You barely miss the iguana.
The iguana is severely wounded.
Grinder gestures at you.
You suddenly lose the ability to move!
The iguana barely misses you. Grinder hits you but does no damage.
The iguana bites you. Grinder gestures at you.
You shrug off the repeated paralysis!
The iguana bites you! Grinder hits you.
You writhe in agony.
Grinder grins, showing sharp teeth.
Grinder gestures at you.
You barely resist. The iguana bites you. Grinder completely misses you.
The iguana bites you but does no damage.
Grinder says, "FISH!"
Grinder hits you!
You writhe in agony.
* * * LOW HITPOINT WARNING * * *
Grinder gestures at you. Pain shoots through your body!
* * * LOW HITPOINT WARNING * * *
The iguana bites you!
You die...

##.#.##.# ........#
####.#### ##### #.#
#...# ##.## ###...
#...# #..... #..(#
#.##<# #...# #.##l#
###...##### #.##@#
..........###.##5#
........<........#..
.....................#
###...###.##.#..##.....
#...# #.##.#..# ##.#.
#...# #.##...... ..
#...# #.####..### .
##.## #.. ....


You could see Grinder (fast) and an iguana.

Vanquished Creatures
  A scorpion (D:4)
  A hound (D:4)
  Jessica (D:3)
  An iguana (D:2)
  An adder (D:4)
  2 worms (D:3)
  A dart slug (D:3)
  4 orcs
  3 ball pythons
  5 bats
  9 endoplasms
  9 goblins
  5 hobgoblins
  3 jackals (D:1)
  3 quokkas
  2 frilled lizards (D:3)
  5 kobolds
  2 rats
58 creatures vanquished.

Notes
Turn   | Place    | Note
-------+----------+-------------------------------------------
     0 | D:1      | bande the Gargoyle Fighter began the quest for the Orb.
     0 | D:1      | Reached XP level 1. HP: 14/14 MP: 1/1
   299 | D:1      | Reached XP level 2. HP: 19/19 MP: 2/2
   855 | D:1      | Reached XP level 3. HP: 23/23 MP: 3/3
  1556 | D:2      | Reached XP level 4. HP: 23/28 MP: 4/4
  2022 | D:3      | Noticed Jessica
  2025 | D:3      | Killed Jessica
  2216 | D:3      | Found a faded altar of an unknown god.
  2571 | D:3      | Reached XP level 5. HP: 33/33 MP: 5/5
  2937 | D:4      | Found a runed translucent gate.
  2937 | D:4      | Found an opulent altar of Gozag.
  2937 | D:4      | Found a runed translucent gate.
  2938 | D:4      | Found a runed translucent gate.
  2977 | D:4      | Noticed AttackTheMoon's ghost (amateur OpMo)
  2977 | D:4      | Noticed a kobold brigand
  3029 | D:4      | Noticed Grinder
  3042 | D:4      | Paralysed by Grinder for 6 turns
  3047 | D:4      | Slain by an iguana

Illustrated notes

Levels and vault maps discovered:
D:1:      matt_arrival_los_fun, layout_basic
D:2:      layout_basic
D:3:      layout_loops_corners, ebering_ecumenical_altar_petrified,
          grunt_ministairs_15, uniq_jessica
D:4:      layout_loops_cross, nicolae_uskayaw_suspiria, ebering_ghost_gozag,
          st_stairs_4, uniq_grinder

Skill      XL: |  1  2  3  4  5 |
---------------+----------------+-----
Axes           | 2 3 4 |  4.1
Armour         | 4 |  4.2
Shields        | 4 |  4.1
Fighting       | 4 |  4.0

Action                   |  1- 3 |  4- 6 || total
-------------------------+-------+-------++-------
Melee: War axe           |    70 |   119 ||   189
  Use: Scroll            |     4 |     2 ||     6
Armor: Scale mail        |    31 |    53 ||    84
Dodge: Dodged            |    39 |    47 ||    86
Block: Buckler           |    12 |    29 ||    41

Table legend: (Time is in decaauts)
 A = Elapsed time spent in this place.
 B = Non-inter-level travel time spent in this place.
 C = Inter-level travel time spent in this place.
 D = Time resting spent in this place.
 E = Time spent auto-exploring this place.
 F = Levels seen in this place.
 G = Mean time per level.
                   A        B        C        D        E       F      G
               +--------+--------+--------+--------+--------+-----+--------+
         Total |   3116 |   3116 |      0 |    200 |   2389 |   4 |  779.0 |
       Dungeon |   3116 |   3116 |      0 |    200 |   2389 |   4 |  779.0 |
               +--------+--------+--------+--------+--------+-----+--------+

Top non-repeatable levels by time:
     D:1: 1360 daAuts
     D:3: 860 daAuts
     D:2: 518 daAuts
     D:4: 377 daAuts
